 Dungeon Crawl Stone Soup version 0.32-a0-859-gb0a091d592 (webtiles) character file.

Game seed: 2183930721954996461

112 jestert79 the Ruffian (level 4, 0/32 HPs)
             Began as a Human Shapeshifter on Mar 27, 2024.
             Slain by Sigmund
             ... wielding a +0 scythe
              (9 damage)
             ... on level 3 of the Dungeon.
             The game lasted 00:05:52 (2496 turns).

jestert79 the Ruffian (Human Shapeshifter)          Turns: 2496, Time: 00:05:52

Health: 0/32       AC:  2    Str: 16    XL:     4   Next: 93%
Magic:  4/4        EV: 11    Int: 10    God:
Gold:   37         SH:  0    Dex: 13    Spells: 3/3 levels left

rFire   . .          .
                       - Unarmed
rCold   . . .        (no shield)
rNeg    . . .        a - +0 animal skin
rPois   .            (helmet currently unavailable)
rElec   .            (cloak currently unavailable)
rCorr   .            (gloves currently unavailable)
SInv    .            (boots currently unavailable)
Will    .....        (no amulet)
Stlth   +            (no ring)
HPRegen 0.25/turn    (no ring)
MPRegen 0.09/turn

%: no passive effects
@: beast-form
A: beast (slay +2), explore regen
a: Begin Untransformation


You were on level 3 of the Dungeon.
You were a hulking beast.
You visited 1 branch of the dungeon, and saw 3 of its levels.

You collected 135 gold pieces.
You spent 98 gold pieces at shops.

Inventory:

Missiles
 e - 3 poisoned darts
 n - 7 boomerangs
 s - 2 javelins
Armour
 a - a +0 animal skin (worn)
 j - a +0 cloak
 v - an orb of guile
Jewellery
 p - a ring of ice
Talismans
 c - a beast talisman (active)
 d - a flux talisman
 l - a maw talisman
Scrolls
 f - a scroll of enchant armour {unknown}
 g - a scroll of poison {unknown}
 m - 2 scrolls of identify {unknown}
 t - a scroll of teleportation
 u - a scroll of fear
Potions
 b - a potion of lignification
 h - a potion of attraction {unknown}
 i - a potion of might {unknown}
 k - a potion of curing
 o - a potion of degeneration {unknown}
 q - 2 potions of heal wounds {unknown}


   Skills:
 - Level 1.0 Fighting
 - Level 2.0 Dodging
 * Level 4.8 Unarmed Combat
 + Level 3.8 Shapeshifting


You had 3 spell levels left.
You didn't know any spells.
Your spell library contained the following spells:

 Spells                   Type           Power      Damage    Failure   Level
 Jinxbite                 Hex            0%         N/A       50%         2
 Yara's Violent Unravell  Hex/Alch       0%         3d3       100%        5
 Enfeeble                 Hex            0%         N/A       100%        7


Dungeon Overview and Level Annotations

Branches:
Dungeon (3/15)

Altars:

Shops:
D:2 *

Annotations:
D:3 Sigmund


Innate Abilities, Weirdness & Mutations

You are a hulking beast.
Your limbs bulge with bestial killing power. (Slay +2)
You regain HP and MP as you explore.


Message History

You punch the endoplasm!
You kill the endoplasm!
No target in view!
No target in view!
No target in view!
Sigmund the Dreaded comes into view.
He is wielding a +0 scythe.
Found a scale mail.
Sigmund shouts!
Sigmund is nearby!
Sigmund is nearby!
Sigmund is nearby!
Sigmund is nearby!
Throw: 2 throwing nets
Press: ? - help, Q - select action, (/) - cycle Shift-Dir - straight line, f - Sigmund
Aim: Sigmund, wielding a +0 scythe and wearing a +0 robe (52% to hit)
You throw a throwing net.
The throwing net closely misses Sigmund.
Sigmund hits you from afar with a +0 scythe.
Throw: throwing net
Press: ? - help, Q - select action, (/) - cycle Shift-Dir - straight line, f/p - Sigmund
Aim: Sigmund, wielding a +0 scythe and wearing a +0 robe (52% to hit)
You throw a throwing net. The throwing net barely misses Sigmund.
Unknown command.
Sigmund gestures wildly while chanting.
Sigmund flickers and vanishes!
Deactivating autopickup; reactivate with Ctrl-A.
You hit something. Something hits you.
You punch something! You hit something. Something hits you!
You barely miss something. Something hits you!
You miss something. You hit something but do no damage.
You hear some strange, mumbled words.
A puff of flame appears from out of thin air!
The puff of flame hits you!
* * * LOW HITPOINT WARNING * * *
Okay, then.
Unknown command.
It was a potion of curing.
You feel better. Something hits you!
You die...

### .... #.. .... #[.#
.... #..## ..... #....
..... #...# ..... #...#
..... #...##### ......
#..h{...# ......
#..####.# .....
#..####.## .....
#######......... ..###
#............... ..##
#.######........ ...#
#.#....#........
...#####..).#.#........
.........#..#........##


There were no monsters in sight!

Vanquished Creatures
  3 adders
  3 dart slugs
  A ribbon worm (D:3)
  9 endoplasms
  5 giant cockroaches
  5 goblins
  4 hobgoblins
  12 jackals
  3 quokkas
  2 ball pythons (D:2)
  8 bats
  4 frilled lizards
  4 kobolds
  5 rats
68 creatures vanquished.

Notes
Turn   | Place    | Note
-------+----------+-------------------------------------------
     0 | D:1      | jestert79 the Human Shapeshifter began the quest for the
                  | Orb.
     0 | D:1      | Reached XP level 1. HP: 15/15 MP: 1/1
   233 | D:1      | Reached XP level 2. HP: 8/21 MP: 2/2
   543 | D:1      | Found a faded altar of an unknown god.
   670 | D:1      | Reached XP level 3. HP: 20/26 MP: 3/3
  1208 | D:2      | Reached skill level 4 in Unarmed Combat
  1475 | D:2      | Reached XP level 4. HP: 29/32 MP: 4/4
  1765 | D:2      | Found Vutryroq's General Store.
  1778 | D:2      | Bought a scroll of teleportation for 42 gold pieces
  1995 | D:2      | Bought a scroll of fear for 56 gold pieces
  2486 | D:3      | Noticed Sigmund
  2496 | D:3      | Slain by Sigmund

Illustrated notes

Levels and vault maps discovered:
D:1:      ncdulo_wetmaze, layout_basic, shapermc_ecumenical_altar_mp_highgroup,
          minmay_pentomino_r2
D:2:      layout_basic, serial_shops, nicolae_shop_getting_attention
D:3:      layout_basic, uniq_sigmund

Skill      XL: |  1  2  3 |
---------------+----------+-----
Unarmed Combat | 4 |  4.8
Fighting       | |  1.0
Dodging        | |  2.0
Shapeshifting  | |  3.8

Action                     |  1- 3 |  4- 6 || total
---------------------------+-------+-------++-------
  Melee: Unarmed           |   116 |    60 ||   176
         Punch             |     4 |     1 ||     5
  Throw: Throwing net      |       |     2 ||     2
         Dart              |       |     1 ||     1
    Use: Potion            |       |     1 ||     1
   Stab: Sleeping          |       |     1 ||     1
 Armour: Animal skin       |    71 |    38 ||   109
  Dodge: Dodged            |    67 |    21 ||    88

Table legend: (Time is in decaauts)
 A = Elapsed time spent in this place.
 B = Non-inter-level travel time spent in this place.
 C = Inter-level travel time spent in this place.
 D = Time resting spent in this place.
 E = Time spent auto-exploring this place.
 F = Levels seen in this place.
 G = Mean time per level.
                   A        B        C        D        E       F      G
               +--------+--------+--------+--------+--------+-----+--------+
         Total |   2490 |   2385 |    105 |    281 |   1451 |   3 |  830.0 |
       Dungeon |   2490 |   2385 |    105 |    281 |   1451 |   3 |  830.0 |
               +--------+--------+--------+--------+--------+-----+--------+

Top non-repeatable levels by time:
     D:1: 1099 daAuts
     D:2: 915 daAuts
     D:3: 475 daAuts
